 Dungeon Crawl Stone Soup version 0.26.1-10-gdfb7c7de75 (webtiles) character file.

Game seed: 1797959266863968806

93 Amplified the Skirmisher (level 4, -3/37 (38) HPs)
             Began as a Barachi Chaos Knight on Apr 7, 2021.
             Was a Plaything of Xom.
             Slain by a fire bat (9 damage)
             ... while paralysed
             ... on level 3 of the Dungeon.
             The game lasted 00:02:13 (1849 turns).

Amplified the Skirmisher (Barachi Chaos Knight)     Turns: 1849, Time: 00:02:14

HP:   -3/37 (38)    AC: 10    Str: 14    XL:     4   Next: 62%
MP:   4/4           EV:  2    Int: 13    God:    Xom [......]
Gold: 48            SH:  0    Dex: 13    Spells: 3/3 levels left

rFire    . . .     SeeInvis .   f - +2 hand axe (drain)
rCold    . . .     Faith    .   (no shield)
rNeg     . . .     Spirit   .   b - +3 leather armour
rPois    .         Reflect  .   (no helmet)
rElec    .         Harm     .   (no cloak)
rCorr    .         Rampage  .   (no gloves)
Will     .....                  (no boots)
Stlth    +.........             (no amulet)
HPRegen  0.12/turn              a - +4 ring of protection
MPRegen  0.09/turn              (no ring)

@: paralysed, cleaving, berserk cooldown, slowed, lightly drained, slow
A: +LOS, swims, agile 1, slowness 1, strong legs 1
a: Hop, Renounce Religion


You were on level 3 of the Dungeon.
You worshipped Xom.
You were a very special plaything of Xom.
You visited 1 branch of the dungeon, and saw 3 of its levels.

You collected 48 gold pieces.

Inventory:

Hand Weapons
 f - a +2 hand axe of draining (weapon)
Missiles
 c - 33 poisoned darts
Armour
 b - a +3 leather armour (worn)
Jewellery
 a - a +4 ring of protection (left hand)
Scrolls
 g - a scroll of fog
 k - a scroll of remove curse
 m - a scroll of blinking {unknown}
 o - a scroll of enchant armour
Potions
 d - a potion of haste
 h - a potion of berserk rage
 i - a potion of lignification {unknown}
 l - a potion of cancellation {unknown}
 n - 2 potions of might {unknown}


   Skills:
 * Level 4.7 Fighting
 - Level 4.5 Long Blades
 * Level 0.0 Axes
 + Level 3.1 Armour
 + Level 2.1 Dodging


You had 3 spell levels left.
You didn't know any spells.
Your spell library was empty.

Dungeon Overview and Level Annotations

Branches:
Dungeon (3/15)

Altars:
Uskayaw
Zin


Innate Abilities, Weirdness & Mutations

You can be seen from farther away. (+LOS)
You can swim through water.
You cover ground slowly.
You can hop short distances.
You are agile. (Dex +2)


Message History

The fire bat is almost dead.
The fire bat barely misses you.
You swing at nothing.
The fire bat closely misses you.
You closely miss the fire bat.
The fire bat is almost dead.
The fire bat bites you.
You are engulfed in flames!
* * * LOW HITPOINT WARNING * * *
You swing at nothing.
You are no longer berserk.
You pass out from exhaustion.
You feel yourself slow down.
The fire bat bites you but does no damage.
You hear Xom's maniacal laughter.
The fire bat bites you but does no damage.
The fire bat bites you but does no damage.
The fire bat bites you.
* * * LOW HITPOINT WARNING * * *
You are engulfed in flames!
You die...
Xom howls with laughter!

..##.###
........
........
........
....=...
........
........
######........
#..5@b........
#.###55..)..##
#.# #.###.#.#
#.# #.# # #)#
#.# #.# #.#
#.# #..
#.#########
#........<#


You could see a fire bat, an iron imp (summoned) and 2 crimson imps.

Vanquished Creatures
  A jelly (D:2)
  An adder (D:2)
  A worm (D:2)
  4 leopard geckos
  An orc (D:3)
  3 bats
  3 giant cockroaches
  3 goblins (D:1)
  3 hobgoblins
  9 frilled lizards
  5 kobolds
  5 rats
39 creatures vanquished.

Notes
Turn   | Place    | Note
-------+----------+-------------------------------------------
     0 | D:1      | Amplified the Barachi Chaos Knight began the quest for the
                  | Orb.
     0 | D:1      | Reached XP level 1. HP: 18/18 MP: 1/1
    19 | D:1      | XOM: silly message
    74 | D:1      | Reached XP level 2. HP: 21/25 MP: 2/2
   228 | D:1      | XOM: silly message
   303 | D:1      | XOM: divination: magic mapping
   448 | D:1      | XOM: divination: detect creatures
   561 | D:1      | Reached XP level 3. HP: 28/30 MP: 3/3
  1023 | D:2      | Found a faded altar of an unknown god.
  1074 | D:2      | XOM: silly message
  1112 | D:2      | Reached XP level 4. HP: 22/38 MP: 4/4
  1312 | D:2      | Found a hide-covered altar of Uskayaw.
  1377 | D:2      | XOM: 1-stop teleportation journey
  1382 | D:2      | Found a glowing silver altar of Zin.
  1605 | D:2      | XOM: give mutation
  1605 | D:2      | Gained mutation: You are agile. (Dex +2) [Xom's mischief]
  1825 | D:3      | Noticed an ogre
  1833 | D:3      | Noticed a fire bat
  1833 | D:3      | an ogre changed into a fire bat
  1833 | D:3      | XOM: polymorph ogre -> fire bat
  1837 | D:3      | XOM: cleaving
  1848 | D:3      | XOM: summons 3 hostile demons
  1849 | D:3      | Slain by a fire bat

Illustrated notes

Levels and vault maps discovered:
D:1:      dpeg_arrival_pits, layout_loops_ring
D:2:      layout_basic, zin_statuary, general_overflow_altar,
          chequers_ecumenical_altar_twisty, st_stairs_9
D:3:      layout_basic, chequers_temple_overflow_minitemple, tso_oasis_becter,
          minmay_quantized, uniq_crazy_yiuf_cottage

Skill      XL: |  1  2  3 |
---------------+----------+-----
Fighting       | 4 |  4.7
Long Blades    | 4 |  4.5
Armour         | 3 |  3.1
Dodging        | 2 |  2.1

Action                   |  1- 3 |  4- 6 || total
-------------------------+-------+-------++-------
Melee: Falchion          |    63 |       ||    63
       Whip              |     7 |    48 ||    55
       Hand axe          |       |     7 ||     7
  Use: Scroll            |     5 |     2 ||     7
       Potion            |       |     2 ||     2
Armor: Leather armour    |    28 |    31 ||    59
Dodge: Dodged            |    49 |    57 ||   106
       Rpst.: Falchion   |    17 |       ||    17
